 Dungeon Crawl Stone Soup version 0.30-a0-54-g2e61a25929 (webtiles) character file.

Game seed: 11078467407021873223

62 MrFrogsmire the Covered (level 4, 0/29 HPs)
             Began as a Gargoyle Fighter on Sept 8, 2022.
             Slain by a jelly (1 damage)
             ... on level 1 of the Dungeon.
             The game lasted 00:00:45 (69 turns).

MrFrogsmire the Covered (Gargoyle Fighter)            Turns: 69, Time: 00:00:46

Health: 0/29       AC:  6    Str: 20    XL:     4   Next: 8%
Magic:  4/4        EV:  9    Int:  8    God:
Gold:   0          SH:  4    Dex: 11    Spells: 3/3 levels left

rFire   . . .      SeeInvis .    a - +0 flail
rCold   . . .      Faith    .    c - +0 buckler
rNeg    + . .      Spirit   .    b - +0 scale mail
rPois   ∞          Reflect  .    (no helmet)
rElec   +          Harm     .    (no cloak)
rCorr   .          Rampage  .    (no gloves)
Will    .....                    (no boots)
Stlth   ..........               (no amulet)
HPRegen 0.09/turn                (no ring)
MPRegen 0.09/turn                (no ring)

@: corroded
A: sickness immunity, AC +3, negative energy resistance 1, electricity
resistance, torment resistance 1, petrification resistance
a: no special abilities


You were on level 1 of the Dungeon.
You visited 1 branch of the dungeon, and saw 1 of its levels.

Inventory:

Hand Weapons
 a - a +0 flail (weapon)
Armour
 b - a +0 scale mail (worn)
 c - a +0 buckler (worn)
Potions
 d - a potion of might


   Skills:
 + Level 4.0 Fighting
 + Level 2.3 Maces & Flails
 + Level 4.0 Armour
 + Level 0.2 Dodging
 + Level 3.9 Shields


You had 3 spell levels left.
You didn't know any spells.
Your spell library was empty.

Dungeon Overview and Level Annotations

Branches:
Dungeon (1/15)

Altars:
Jiyva


Innate Abilities, Weirdness & Mutations

You are immune to sickness and miasma.
Your stone body is resilient. (AC +3)
You are immune to poison.
You resist negative energy. (rN+)
You are resistant to electric shocks. (rElec)
You are resistant to unholy torment.
You are immune to petrification.


Message History

The jelly quivers.
Found a viscous altar of Jiyva.
The goblin shouts!
The jelly quivers.
The endoplasm quivers.
The jelly quivers.
You open the large door. You thump the jelly!
Your hands burn!
The jelly is heavily wounded.
The jelly hits you but does no damage. x2; The jelly completely misses you.
The jelly barely misses you.
You sock the jelly!
You kill the jelly!
The jelly hits you but does no damage.
You have reached level 2!
You have reached level 3!
Your experience leads to an increase in your attributes!
Increase (S)trength, (I)ntelligence, or (D)exterity?
You feel agile. x2
You hit the jelly. The acid corrodes you!
Your hands burn!
* * * LOW HITPOINT WARNING * * *
The jelly is moderately wounded.
The jelly closely misses you. The jelly hits you but does no damage.
You hit the jelly but do no damage.
Your hands burn!
* * * LOW HITPOINT WARNING * * *
The jelly is moderately wounded.
The jelly hits you but does no damage. x2; The jelly barely misses you.
The jelly closely misses you.
You barely miss the jelly.
The jelly is moderately wounded.
The jelly closely misses you. The jelly hits you but does no damage.
You sock the jelly!
You kill the jelly!
The jelly completely misses you.
Your Fighting skill increases to level 4!
Your Armour skill increases to level 4!
You have reached level 4!
You feel stronger.
You hit the frilled lizard.
You kill the frilled lizard!
The jelly hits you.
You die...

#### ######## ....
....#... ####
#..#...#... #. #...
#..##...###.. #
#..JJ#####.......#.....
#..JJ#$#.8.........#...
#...gJ........##.##..#.
#.rJJJ@.............##.
#..JJ#$#.8.†....##.....
#... #####.....#......#
#.. #....#...##..#. ##
#....#...#......
.....#.......##..
.......#.#.#...#..#
......#....#....#†.
..............#...#


You could see 3 jellies, 7 endoplasms, a quokka and a goblin.

Vanquished Creatures
  2 jellies (D:1)
  A bat (D:1)
  A hobgoblin (D:1)
  2 ball pythons (D:1)
  A frilled lizard (D:1)
7 creatures vanquished.

Notes
Turn   | Place    | Note
-------+----------+-------------------------------------------
     0 | D:1      | MrFrogsmire the Gargoyle Fighter began the quest for the
                  | Orb.
     0 | D:1      | Reached XP level 1. HP: 14/14 MP: 1/1
    31 | D:1      | Found a large runed translucent door.
    31 | D:1      | Found a large runed translucent door.
    39 | D:1      | Noticed a jelly
    40 | D:1      | Noticed a jelly
    41 | D:1      | Noticed a jelly
    57 | D:1      | Found a viscous altar of Jiyva.
    58 | D:1      | Noticed a jelly
    59 | D:1      | Noticed a jelly
    64 | D:1      | Killed a jelly
    65 | D:1      | Reached XP level 2. HP: 8/20 MP: 2/2
    65 | D:1      | Reached XP level 3. HP: 9/24 MP: 3/3
    66 | D:1      | HP: 1/24 [acid (5)]
    69 | D:1      | Reached XP level 4. HP: 1/29 MP: 4/4
    69 | D:1      | Slain by a jelly

Illustrated notes

Levels and vault maps discovered:
D:1:      erik_arrival_cave_to_civilisation [erik_arrival_cave_to_temple],
          layout_basic, serial_shops, shop, chequers_ecumenical_altar_twisty,
          st_stairs_6

Skill      XL: |  1  2  3 |
---------------+----------+-----
Fighting       | 4 |  4.0
Armour         | 4 |  4.0
Maces & Flails | |  2.3
Dodging        | |  0.2
Shields        | |  3.9

Action                   |  1- 3 |  4- 6 || total
-------------------------+-------+-------++-------
Melee: Flail             |    21 |     1 ||    22
Armor: Scale mail        |    19 |       ||    19
Dodge: Dodged            |    20 |       ||    20
Block: Buckler           |     7 |       ||     7

Table legend: (Time is in decaauts)
 A = Elapsed time spent in this place.
 B = Non-inter-level travel time spent in this place.
 C = Inter-level travel time spent in this place.
 D = Time resting spent in this place.
 E = Time spent auto-exploring this place.
 F = Levels seen in this place.
 G = Mean time per level.
                   A        B        C        D        E       F      G
               +--------+--------+--------+--------+--------+-----+--------+
         Total |     75 |     50 |     25 |      0 |      0 |   1 |   75.0 |
       Dungeon |     75 |     50 |     25 |      0 |      0 |   1 |   75.0 |
               +--------+--------+--------+--------+--------+-----+--------+

Top non-repeatable levels by time:
     D:1: 75 daAuts
